BLB
WASHINGTON BATS @ CAROLINA TOBS
06/30/2060
 
TOP OF THE 1ST
Washington Bats batting - Pitching for Carolina Tobs : RHP Charlie Spence
Pitching: RHP Charlie Spence
Batting: RHB Owen Dooley 0-0: Ball
1-0: Ball
2-0: Fly out, F9 (Flyball, 89M, EV 86.2 MPH)
Batting: SHB Detwon Ayala 0-0: Ball
1-0: Ball
2-0: Ball
3-0: Called Strike
3-1: Base on Balls
Batting: RHB Hayden Jones 0-0: Called Strike
0-1: Foul Ball, location: 2F
0-2: Strikes out swinging
Batting: RHB Parker Lee 0-0: Foul Ball, location: 2F
0-1: Swinging Strike
0-2: Ball
1-2: Ball
2-2: Ball
3-2: Strikes out swinging
Top of the 1st over - 0 runs, 0 hits, 0 errors, 1 left on base; Washington 0 - Carolina 0
BOTTOM OF THE 1ST
Carolina Tobs batting - Pitching for Washington Bats : RHP Justin Casey
Pitching: RHP Justin Casey
Batting: LHB Felton Kirt 0-0: Foul Ball, location: 2F
0-1: Ball
1-1: Foul Ball, location: 2F
1-2: Strikes out looking
Batting: SHB Sean Benjamin 0-0: Foul Ball, location: 2F
0-1: Ball
1-1: SINGLE (Groundball, 56D, EV 100.6 MPH) (infield hit)
Batting: LHB Trent West 0-0: Fly out, F9 (Flyball, 9, EV 86.9 MPH)
Batting: LHB Evan Turner 0-0: Ball
1-0: Foul Ball, location: 2F
1-1: Foul Ball, location: 2F
1-2: Foul Ball, location: 2F
1-2: Foul Ball, location: 2F
1-2: Strikes out swinging
Bottom of the 1st over - 0 runs, 1 hit, 0 errors, 1 left on base; Washington 0 - Carolina 0
TOP OF THE 2ND
Washington Bats batting - Pitching for Carolina Tobs : RHP Charlie Spence
Batting: LHB Dominick Hanneken 0-0: Called Strike
0-1: Foul Ball, location: 2F
0-2: Strikes out swinging
Batting: RHB Neall Rabah 0-0: Ground out 5-3 (Groundball, 56, EV 85.6 MPH)
Batting: LHB Joel Bell 0-0: Ball
1-0: Ball
2-0: Ball
3-0: Called Strike
3-1: DOUBLE (Flyball, 8LXD, EV 108.8 MPH)
Batting: RHB Zechariah Norkus 0-0: Ball
1-0: Ground out 6-3 (Groundball, 6, EV 105.0 MPH)
Top of the 2nd over - 0 runs, 1 hit, 0 errors, 1 left on base; Washington 0 - Carolina 0
BOTTOM OF THE 2ND
Carolina Tobs batting - Pitching for Washington Bats : RHP Justin Casey
Batting: RHB Marcus Fahr 0-0: Ball
1-0: Ball
2-0: Ball
3-0: SINGLE (Line Drive, 4D, EV 103.1 MPH)
Batting: LHB Kyle Siebert 0-0: Swinging Strike
0-1: Swinging Strike
0-2: Ball
1-2: Strikes out swinging
Batting: RHB Rykeem Potts 0-0: Foul Ball, location: 2F
0-1: Ball
1-1: Ball
2-1: Grounds into double play, 4-6-3 (Groundball, 4, EV 98.8 MPH)
Bottom of the 2nd over - 0 runs, 1 hit, 0 errors, 0 left on base; Washington 0 - Carolina 0
TOP OF THE 3RD
Washington Bats batting - Pitching for Carolina Tobs : RHP Charlie Spence
Batting: RHB Derek Engledow 0-0: Ball
1-0: Ball
2-0: Ball
3-0: Called Strike
3-1: Fly out, F9 (Line Drive, 89D, EV 90.0 MPH)
Batting: RHB Owen Dooley 0-0: Ball
1-0: Swinging Strike
1-1: DOUBLE (Groundball, 5L, EV 96.9 MPH)
Batting: SHB Detwon Ayala 0-0: Ball
1-0: Foul Ball, location: 2F
1-1: Ball
2-1: Foul Ball, location: 2F
2-2: Ball
3-2: DOUBLE (Flyball, 78XD, EV 97.5 MPH)
Owen Dooley scores
Batting: RHB Hayden Jones 0-0: Called Strike
0-1: Ball
1-1: Foul Ball, location: 2F
1-2: Strikes out swinging
Batting: RHB Parker Lee 0-0: Ball
1-0: Ball
2-0: Ball
3-0: DOUBLE (Flyball, 8LXD, EV 101.9 MPH)
Detwon Ayala scores
Batting: LHB Dominick Hanneken 0-0: Swinging Strike
0-1: Ball
1-1: Fly out, F8 (Flyball, 8LM, EV 96.2 MPH)
Top of the 3rd over - 2 runs, 3 hits, 0 errors, 1 left on base; Washington 2 - Carolina 0
BOTTOM OF THE 3RD
Carolina Tobs batting - Pitching for Washington Bats : RHP Justin Casey
Batting: LHB Clay Newhouse 0-0: Foul Ball, location: 2F
0-1: Ball
1-1: Ball
2-1: Hit by Pitch
Batting: LHB Obie Biggs 0-0: Ball
1-0: Fly out, F7 (Flyball, 78M, EV 78.1 MPH)
Batting: LHB Felton Kirt 0-0: Ball
1-0: Swinging Strike
1-1: Ball
2-1: Ball
3-1: Foul Ball, location: 2F
3-2: Strikes out looking
Batting: SHB Sean Benjamin 0-0: Called Strike
0-1: Swinging Strike
0-2: Ball
1-2: Strikes out looking
Bottom of the 3rd over - 0 runs, 0 hits, 0 errors, 1 left on base; Washington 2 - Carolina 0
TOP OF THE 4TH
Washington Bats batting - Pitching for Carolina Tobs : RHP Charlie Spence
Batting: RHB Neall Rabah 0-0: Called Strike
0-1: Foul Ball, location: 2F
0-2: Ball
1-2: Ground out 6-3 (Groundball, 6M, EV 86.2 MPH)
Batting: LHB Joel Bell 0-0: Foul Ball, location: 2F
0-1: Ball
1-1: Ball
2-1: Foul Ball, location: 2F
2-2: Strikes out looking
Batting: RHB Zechariah Norkus 0-0: Called Strike
0-1: SINGLE (Groundball, 4MD, EV 94.4 MPH)
Batting: RHB Derek Engledow 0-0: Ball
1-0: Foul Ball, location: 2F
1-1: Foul Ball, location: 2F
1-2: SINGLE (Groundball, 3D, EV 98.8 MPH)
Zechariah Norkus to second
Runner from 2nd tries for 3rd, SAFE, throw by RF made to third
Batting: RHB Owen Dooley 0-0: Called Strike
0-1: Ball
1-1: Foul Ball, location: 2F
1-2: SINGLE (Groundball, 56D, EV 100.0 MPH)
Zechariah Norkus scores
Derek Engledow to second
Batting: SHB Detwon Ayala 0-0: Ball
Wild Pitch!
Derek Engledow to third
Owen Dooley to second
1-0: Foul Ball, location: 2F
1-1: Ball
2-1: Swinging Strike
2-2: Ball
3-2: Base on Balls
Batting: RHB Hayden Jones 0-0: Foul Ball, location: 2F
0-1: Ball
1-1: Swinging Strike
1-2: SINGLE (Line Drive, 8RS, EV 100.6 MPH)
Derek Engledow scores
Owen Dooley to third
Detwon Ayala to second
Runner from 3rd tries for Home, SAFE, throw by CF to home
Batting: RHB Parker Lee 0-0: Called Strike
0-1: Foul Ball, location: 2F
0-2: Foul Ball, location: 2F
0-2: Foul Ball, location: 2F
0-2: SINGLE (Line Drive, 7S, EV 107.5 MPH)
Detwon Ayala to third
Hayden Jones to second
Runner from 3rd tries for Home, SAFE, throw by LF to home
Batting: LHB Dominick Hanneken 0-0: Ball
1-0: Called Strike
1-1: Ball
2-1: Foul Ball, location: 2F
2-2: Fly out, F4 (Line Drive, 4, EV 63.1 MPH)
Top of the 4th over - 4 runs, 5 hits, 0 errors, 2 left on base; Washington 6 - Carolina 0
BOTTOM OF THE 4TH
Carolina Tobs batting - Pitching for Washington Bats : RHP Justin Casey
Batting: LHB Trent West 0-0: Ball
1-0: Ball
2-0: Foul Ball, location: 2F
2-1: Swinging Strike
2-2: Strikes out looking
Batting: LHB Evan Turner 0-0: Ball
1-0: Ground out U3 (Groundball, 3, EV 91.2 MPH)
Batting: RHB Marcus Fahr 0-0: Ball
1-0: Ball
2-0: SINGLE (Line Drive, 9LS, EV 95.0 MPH)
Batting: LHB Kyle Siebert 0-0: Ball
1-0: Foul Ball, location: 2F
1-1: Ground out U3 (Groundball, 3, EV 101.2 MPH)
Bottom of the 4th over - 0 runs, 1 hit, 0 errors, 1 left on base; Washington 6 - Carolina 0
TOP OF THE 5TH
Washington Bats batting - Pitching for Carolina Tobs : RHP Charlie Spence
Batting: RHB Neall Rabah 0-0: Ball
1-0: Swinging Strike
1-1: Ball
2-1: Foul Ball, location: 2F
2-2: Foul Ball, location: 2F
2-2: Ball
3-2: Foul Ball, location: 2F
3-2: Foul Ball, location: 2F
3-2: DOUBLE (Flyball, 8RXD, EV 99.4 MPH)
Batting: LHB Joel Bell 0-0: Fly out, F7 (Flyball, 78S, EV 91.2 MPH)
Batting: RHB Zechariah Norkus 0-0: Foul Ball, location: 2F
0-1: Fly out, F4 (Popup, 4, EV 61.2 MPH)
Batting: RHB Derek Engledow 0-0: Ball
1-0: Foul Ball, location: 2F
1-1: Ball
2-1: Swinging Strike
2-2: Strikes out swinging
Top of the 5th over - 0 runs, 1 hit, 0 errors, 1 left on base; Washington 6 - Carolina 0
BOTTOM OF THE 5TH
Carolina Tobs batting - Pitching for Washington Bats : RHP Justin Casey
Batting: RHB Rykeem Potts 0-0: Called Strike
0-1: SINGLE (Groundball, 56D, EV 101.9 MPH)
Batting: LHB Clay Newhouse 0-0: Ball
1-0: Called Strike
1-1: Ball
2-1: Foul Ball, location: 2F
2-2: Strikes out swinging
Batting: LHB Obie Biggs 0-0: Ball
1-0: Grounds into double play, 4-6-3 (Groundball, 4M, EV 84.4 MPH)
Bottom of the 5th over - 0 runs, 1 hit, 0 errors, 0 left on base; Washington 6 - Carolina 0
TOP OF THE 6TH
Washington Bats batting - Pitching for Carolina Tobs : RHP Charlie Spence
Batting: RHB Owen Dooley 0-0: Ball
1-0: Swinging Strike
1-1: Ball
2-1: SINGLE (Line Drive, 78S, EV 107.5 MPH)
Batting: SHB Detwon Ayala 0-0: Called Strike
0-1: Swinging Strike
0-2: Foul Ball, location: 2F
0-2: Foul Ball, location: 2F
0-2: Strikes out swinging
Batting: RHB Hayden Jones 0-0: Grounds into double play, 5-4-3 (Groundball, 56, EV 111.9 MPH)
Top of the 6th over - 0 runs, 1 hit, 0 errors, 0 left on base; Washington 6 - Carolina 0
BOTTOM OF THE 6TH
Carolina Tobs batting - Pitching for Washington Bats : RHP Justin Casey
Batting: LHB Felton Kirt 0-0: Ball
1-0: Fly out, F8 (Flyball, 8LM, EV 88.1 MPH)
Batting: SHB Sean Benjamin 0-0: Called Strike
0-1: Ground out 4-3 (Groundball, 4, EV 106.9 MPH)
Batting: LHB Trent West 0-0: Foul Ball, location: 2F
0-1: Ball
1-1: Foul Ball, location: 2F
1-2: Ball
2-2: Foul Ball, location: 2F
2-2: Foul Ball, location: 2F
2-2: Ball
3-2: SINGLE (Line Drive, 34D, EV 100.0 MPH)
Batting: LHB Evan Turner 0-0: Called Strike
0-1: Ball
1-1: Foul Ball, location: 2F
1-2: Ball
2-2: Fly out, F8 (Flyball, 89M, EV 86.9 MPH)
Bottom of the 6th over - 0 runs, 1 hit, 0 errors, 1 left on base; Washington 6 - Carolina 0
TOP OF THE 7TH
Washington Bats batting - Pitching for Carolina Tobs : RHP Charlie Spence
Batting: RHB Parker Lee 0-0: Called Strike
0-1: Swinging Strike
0-2: Foul Ball, location: 2F
0-2: Ball
1-2: Strikes out swinging
Pitching: RHP Lyman Zarate
Batting: LHB Dominick Hanneken 0-0: Ball
1-0: Called Strike
1-1: Foul Ball, location: 2F
1-2: Fly out, F9 (Flyball, 9LM, EV 75.0 MPH)
Batting: RHB Neall Rabah 0-0: Foul Ball, location: 2F
0-1: Ball
1-1: Ball
2-1: Fly out, F9 (Flyball, 9, EV 96.9 MPH)
Top of the 7th over - 0 runs, 0 hits, 0 errors, 0 left on base; Washington 6 - Carolina 0
BOTTOM OF THE 7TH
Carolina Tobs batting - Pitching for Washington Bats : RHP Justin Casey
Batting: RHB Marcus Fahr 0-0: Fly out, F9 (Flyball, 9LD, EV 94.4 MPH)
Batting: LHB Kyle Siebert 0-0: Ball
1-0: Called Strike
1-1: Foul Ball, location: 2F
1-2: Strikes out looking
Batting: RHB Rykeem Potts 0-0: Ball
1-0: SINGLE (Line Drive, 9S, EV 102.5 MPH)
Batting: LHB Clay Newhouse 0-0: Ball
1-0: Foul Ball, location: 2F
1-1: Ground out 4-3 (Groundball, 4MS, EV 77.5 MPH)
Bottom of the 7th over - 0 runs, 1 hit, 0 errors, 1 left on base; Washington 6 - Carolina 0
TOP OF THE 8TH
Washington Bats batting - Pitching for Carolina Tobs : RHP Lyman Zarate
Batting: LHB Joel Bell 0-0: SINGLE (Groundball, 4MS, EV 68.8 MPH) (infield hit)
Batting: RHB Zechariah Norkus 0-0: Foul Ball, location: 2F
0-1: Swinging Strike
0-2: Ball
1-2: Ball
2-2: Ball
Wild Pitch!
Joel Bell to second
3-2: Base on Balls
Batting: RHB Derek Engledow 0-0: Ball
1-0: Called Strike
1-1: Ball
2-1: Foul Ball, location: 2F
2-2: Foul Ball, location: 2F
2-2: Foul Ball, location: 2F
2-2: Strikes out swinging
Batting: RHB Owen Dooley 0-0: Ball
1-0: Foul Ball, location: 2F
1-1: Swinging Strike
1-2: Foul Ball, location: 2F
1-2: Fly out, F9 (Flyball, 9D, EV 93.8 MPH)
Runner from 2nd tags up, SAFE at 3rd, no throw by RF
Batting: SHB Detwon Ayala 0-0: Ball
1-0: Ground out 4-3 (Groundball, 4S, EV 74.4 MPH)
Top of the 8th over - 0 runs, 1 hit, 0 errors, 2 left on base; Washington 6 - Carolina 0
BOTTOM OF THE 8TH
Carolina Tobs batting - Pitching for Washington Bats : RHP Justin Casey
Pitching: RHP Darryl Krauss
Batting: LHB Obie Biggs 0-0: Fly out, F8 (Flyball, 78S, EV 76.9 MPH)
Batting: LHB Felton Kirt 0-0: Fly out, F7 (Flyball, 78M, EV 88.8 MPH)
Batting: SHB Sean Benjamin 0-0: Ball
1-0: Ground out 4-3 (Groundball, 4, EV 104.4 MPH)
Bottom of the 8th over - 0 runs, 0 hits, 0 errors, 0 left on base; Washington 6 - Carolina 0
TOP OF THE 9TH
Washington Bats batting - Pitching for Carolina Tobs : RHP Lyman Zarate
Batting: RHB Hayden Jones 0-0: Ball
1-0: Ball
2-0: Called Strike
2-1: Foul Ball, location: 2F
2-2: Foul Ball, location: 2F
2-2: Foul Ball, location: 2F
2-2: Ball
3-2: Strikes out swinging
Batting: RHB Parker Lee 0-0: Ball
1-0: Ball
2-0: Foul Ball, location: 2F
2-1: Foul Ball, location: 2F
2-2: Fly out, F8 (Flyball, 8LD, EV 78.1 MPH)
Batting: LHB Dominick Hanneken 0-0: Ball
1-0: Called Strike
1-1: Swinging Strike
1-2: DOUBLE (Flyball, 7LD, EV 95.6 MPH)
Batting: RHB Neall Rabah 0-0: Ball
1-0: Ball
2-0: Foul Ball, location: 2F
2-1: Ground out 2-3 (Groundball, 15S, EV 70.6 MPH)
Top of the 9th over - 0 runs, 1 hit, 0 errors, 1 left on base; Washington 6 - Carolina 0
BOTTOM OF THE 9TH
Carolina Tobs batting - Pitching for Washington Bats : RHP Darryl Krauss
Batting: LHB Trent West 0-0: Called Strike
0-1: Foul Ball, location: 2F
0-2: SINGLE (Flyball, 3D, EV 99.4 MPH)
Batting: LHB Evan Turner 0-0: Ball
1-0: Ball
2-0: Called Strike
2-1: Called Strike
2-2: Fielders Choice at 2nd, 3-6 (Groundball, 3, EV 85.0 MPH)
Batting: RHB Marcus Fahr 0-0: Reached on error, E6 (Groundball, 6, EV 80.0 MPH)
Evan Turner to second
Batting: LHB Kyle Siebert 0-0: Foul Ball, location: 2F
0-1: Swinging Strike
0-2: Foul Ball, location: 2F
0-2: SINGLE (Line Drive, 4MD, EV 99.4 MPH)
Evan Turner to third
Marcus Fahr to second
Batting: RHB Rykeem Potts 0-0: Swinging Strike
0-1: Called Strike
0-2: Foul Ball, location: 2F
0-2: Strikes out swinging
Batting: LHB Clay Newhouse 0-0: Called Strike
0-1: Ball
1-1: Called Strike
1-2: Ball
2-2: Ball
3-2: SINGLE (Groundball, 5S, EV 68.1 MPH) (infield hit)
Evan Turner scores
Marcus Fahr to third
Kyle Siebert to second
Batting: LHB Obie Biggs 0-0: Called Strike
0-1: Swinging Strike
0-2: Ball
1-2: Ball
2-2: Strikes out swinging
Bottom of the 9th over - 1 run, 3 hits, 1 error, 3 left on base; Washington 6 - Carolina 1
Monday, May 13th , 2024 - OOTP Baseball 23.10 Build 110